 Dungeon Crawl Stone Soup version 0.28.0-45-g0d030f2227 (webtiles) character file.

Game seed: 7473555231220462589

1251 Skarlet the Conjurer (level 8, -7/62 HPs)
             Began as a Grey Draconian Conjurer on Apr 14, 2022.
             Was a Priest of Jiyva.
             Mangled by a gnoll sergeant
             ... wielding the +5 trident of Bakhe {venom, rF+}
              (11 damage)
             ... on level 6 of the Dungeon.
             The game lasted 00:28:32 (5304 turns).

Skarlet the Conjurer (Grey Draconian Conjurer)      Turns: 5304, Time: 00:28:32

Health: -7/62      AC: 11    Str: 11    XL:     8   Next: 26%
Magic:  5/5        EV: 12    Int: 23    God:    Jiyva [***...]
Gold:   82         SH:  0    Dex:  9    Spells: 9/16 levels left

rFire   + . .      SeeInvis .   l - +4 quarterstaff of Symmetry {antimagic, Int+3}
rCold   . . .      Faith    .   (shield currently unavailable)
rNeg    . . .      Spirit   .   (armour unavailable)
rPois   .          Reflect  .   (helmet restricted)
rElec   .          Harm     .   (no cloak)
rCorr   +          Rampage  .   (no gloves)
Will    .....                   (boots unavailable)
Stlth   ++........              (no amulet)
HPRegen 1.32/turn               a - ring of protection from fire
MPRegen 0.44/turn               (no ring)

@: lethally poisoned (-7 -> -9)
A: AC +11, amphibious, unfitting armour, cold-blooded, antennae 1, talons 3
a: Renounce Religion, Oozemancy


You were on level 6 of the Dungeon.
You worshipped Jiyva.
Jiyva was most pleased with you.
You visited 1 branch of the dungeon, and saw 6 of its levels.

You collected 112 gold pieces.
You spent 30 gold pieces at shops.

Inventory:

Hand Weapons
 g - a +1 dagger of flaming
 l - the +4 quarterstaff of Symmetry (weapon) {antimagic, Int+3}
   (You found it on level 4 of the Dungeon)

   It reduces the magical energy of the wielder, and disrupts the spells and
   magical abilities of those it strikes.
   Natural abilities and divine invocations are not affected.
   Int:       It affects your intelligence (+3).
Missiles
 f - 25 sling bullets
 j - 21 bolts
Armour
 b - a +1 buckler
Jewellery
 a - a ring of protection from fire (left hand)
 d - a ring of flight
Wands
 n - a wand of charming (2)
Scrolls
 c - a scroll of holy word {unknown}
 e - a scroll of magic mapping
 m - a scroll of teleportation
 o - a scroll of silence
Potions
 h - a potion of brilliance {unknown}
 k - 2 potions of magic
 p - a potion of heal wounds {unknown}


   Skills:
 * Level 2.6 Fighting
 * Level 2.5 Short Blades
 * Level 1.8 Staves
 * Level 3.9 Dodging
 * Level 3.0 Stealth
 * Level 2.6 Shields
 * Level 4.8 Spellcasting
 * Level 6.2 Conjurations
 + Level 0.6 Evocations


You had 9 spell levels left.
You knew the following spells:

 Your Spells              Type           Power      Damage    Failure   Level
a - Magic Dart            Conj           100%       1d8       1%          1
b - Searing Ray           Conj           68%        2d6       1%          2
c - Fulminant Prism       Conj/Hex       9%         3d7       26%         4

Your spell library contained the following spells:

 Spells                   Type           Power      Damage    Failure   Level
 Dazzling Flash           Conj/Hex       38%        N/A       9%          3
 Iskenderun's Mystic Bla  Conj/Tloc      19%        2d6       26%         4


Dungeon Overview and Level Annotations

Branches:
Dungeon (6/15)             Temple (0/1) D:4

Altars:
Dithmenos
Nemelex Xobeh
Jiyva

Shops:
D:5 *

Annotations:
D:4 3 runed translucent doors, jimonade's ghost, amateur GrEE; zeratav's ghost, novice OpTm
D:6 1 transporter, Malificent's ghost, novice DsIE


Innate Abilities, Weirdness & Mutations

Your dull iron-grey scales are very hard. (AC +11)
You are amphibious.
You cannot fit into any form of body armour.
You are cold-blooded and may be slowed by cold attacks.
You have a pair of small antennae on your head.
You have claws for feet.


Message History

The gnoll is severely wounded.
The gnoll sergeant hits you but does no damage.
The searing ray hits the gnoll sergeant but does no damage.
The gnoll sergeant is moderately wounded.
The searing ray hits the gnoll.
The gnoll is severely wounded.
The gnoll sergeant hits you from afar with a +1 trident of protection.
The gnoll sergeant hits you from afar with the +5 trident of Bakhe {venom, rF+}.
You are poisoned.
The searing ray hits the gnoll sergeant but does no damage.
The gnoll sergeant is moderately wounded.
The searing ray hits the gnoll!
The gnoll is severely wounded.
You finish channelling your searing ray.
You feel sick. The gnoll sergeant barely misses you.
The gnoll sergeant closely misses you.
As you read the scroll of identify, it crumbles to dust.
o - a scroll of silence You feel sick.
The gnoll hits you from afar with a +0 spear.
The gnoll sergeant closely misses you.
The gnoll sergeant hits you from afar with the +5 trident of Bakhe {venom, rF+}!
* * * LOW HITPOINT WARNING * * *
You are more poisoned.
As you read the scroll of fear, it crumbles to dust.
You assume a fearsome visage.
The gnoll looks frightened! x3
The gnoll sergeant looks frightened! x2
You feel very sick.
You feel very sick.
You feel sick.
The gnoll sergeant hits you but does no damage.
You are more poisoned.
* * * LOW HITPOINT WARNING * * *
You feel very sick.
The gnoll begs, "Please!
I have a lot of children!"
It was a potion of magic.
Magic courses through your body.
* * * LOW HITPOINT WARNING * * *
You feel very sick.
The gnoll sergeant hits you from afar with the +5 trident of Bakhe {venom, rF+}!
You die...

≈..#.#8)8#g#.....#
≈.©#.'.©.'g#©....# .
≈..#.#.g.#.#.....#
.≈≈.##.##.##.##.≈≈.#
.≈≈.#..#g..#.©#.≈≈.....
. ≈.##.#g.⌠#.##.≈≈..###
..≈≈..#.#...#.#..≈≈..#
..≈≈###.##'##.###≈≈..#
≈#..@.g......#≈≈..#
#8.###.###.8#≈≈..# #..
### ..# ≈### ..! ## ≈≈≈
≈≈≈≈ #.≈≈ ≈≈≈≈≈≈ #..
....... ### #########


You could see 2 gnoll sergeants, a gnoll shaman and a gnoll.

Vanquished Creatures
  Pikel (D:6)
  A black bear (D:5)
  An ice beast (D:5)
  A lemure (D:6)
  4 scorpions
  A wyvern skeleton (D:6)
  3 hounds
  An orc priest (D:4)
  A gnoll shaman (D:6)
  A centaur skeleton (D:5)
  Robin (D:4)
  4 gnolls (D:6)
  An adder (D:3)
  2 worms
  7 orcs
  An endoplasm (D:1)
  2 giant cockroaches (D:1)
  7 goblins
  10 hobgoblins
  2 jackals (D:1)
  6 kobolds
  3 quokkas
  5 ball pythons
  4 bats
  5 frilled lizards
  A rat (D:3)
76 creatures vanquished.

Vanquished Creatures (collateral kills)
  A necrophage (D:5)
1 creature vanquished.

Vanquished Creatures (others)
  A necrophage (D:5)
  A phantom (D:4)
  2 jellies
  An iguana (D:3)
  A howler monkey zombie (D:5)
  4 gnolls
  2 adders (D:4)
  An ufetubus (D:5)
  An adder skeleton (D:4)
  A dart slug (D:3)
  4 endoplasms (D:4)
  A giant cockroach (D:4)
  3 goblins
  A hobgoblin (D:4)
  2 jackals (D:4)
  A quokka (D:4)
  4 ball pythons
  2 bats (D:2)
  A rat (D:2)
  6 plants (D:6)
40 creatures vanquished.

Grand Total: 117 creatures vanquished

Notes
Turn   | Place    | Note
-------+----------+-------------------------------------------
     0 | D:1      | Skarlet the Draconian Conjurer began the quest for the Orb.
     0 | D:1      | Reached XP level 1. HP: 14/14 MP: 3/3
   660 | D:1      | Reached XP level 2. HP: 20/20 MP: 3/5
   670 | D:1      | Learned a level 2 spell: Searing Ray
  1154 | D:1      | You fall into a shaft and drop 1 floor!
  1233 | D:2      | Found a faded altar of an unknown god.
  1247 | D:2      | Prayed at the altar of an unknown god.
  1247 | D:2      | Became a worshipper of Jiyva Jiedih the Shapeless
  1247 | D:2      | Reached * piety under Jiyva
  1513 | D:2      | Reached ** piety under Jiyva
  2214 | D:3      | Reached XP level 3. HP: 26/26 MP: 3/6
  2431 | D:3      | Reached *** piety under Jiyva
  2572 | D:3      | Reached skill level 1 in Shields
  2929 | D:3      | Gained mutation: You have sharp toenails. [Jiyva's grace]
  2929 | D:3      | Gained mutation: You have razor-sharp toenails. [Jiyva's
                  | grace]
  2929 | D:3      | Gained mutation: You have claws for feet. [Jiyva's grace]
  2929 | D:3      | Gained mutation: You have a pair of small antennae on your
                  | head. [Jiyva's grace]
  3082 | D:4      | Reached XP level 4. HP: 34/34 MP: 4/7
  3106 | D:4      | Reached skill level 1 in Fighting
  3106 | D:4      | Reached skill level 5 in Conjurations
  3108 | D:4      | Reached XP level 5. HP: 40/40 MP: 1/9
  3124 | D:4      | Killed a phantom
  3128 | D:4      | Identified the +4 scale mail "Wuakh" {Int+3}
  3182 | D:4      | Reached skill level 1 in Short Blades
  3185 | D:4      | Found a runed translucent gate.
  3185 | D:4      | Found a runed translucent gate.
  3185 | D:4      | Found a runed translucent gate.
  3186 | D:4      | Noticed jimonade's ghost (amateur GrEE)
  3186 | D:4      | Noticed zeratav's ghost (novice OpTm)
  3229 | D:4      | Noticed Robin
  3265 | D:4      | Killed Robin
  3271 | D:4      | Reached XP level 6. HP: 45/47 MP: 7/10
  3413 | D:4      | Found a staircase to the Ecumenical Temple.
  3743 | D:4      | Identified the +4 quarterstaff of Symmetry {antimagic,
                  | Int+3}
  3861 | D:5      | Entered Level 5 of the Dungeon
  3917 | D:5      | Learned a level 4 spell: Fulminant Prism
  3921 | D:5      | Noticed an ice beast
  3941 | D:5      | Killed an ice beast
  4028 | D:5      | Found Aplulues's General Store.
  4104 | D:5      | Your scales start taking on a dull iron-grey colour.
  4104 | D:5      | Reached XP level 7. HP: 53/53 MP: 4/12
  4131 | D:5      | Bought a scroll of identify for 30 gold pieces
  4161 | D:5      | Found a shadowy altar of Dithmenos.
  4245 | D:5      | Found a sparkling altar of Nemelex Xobeh.
  4605 | D:5      | Reached **** piety under Jiyva
  4811 | D:6      | Reached skill level 1 in Staves
  4876 | D:6      | Noticed Malificent's ghost (novice DsIE)
  5001 | D:6      | Noticed Pikel
  5018 | D:6      | Killed Pikel
  5019 | D:6      | Reached skill level 6 in Conjurations
  5019 | D:6      | Reached XP level 8. HP: 62/62 MP: 4/14
  5229 | D:6      | Found a transporter.
  5233 | D:6      | Found a transporter.
  5236 | D:6      | Identified the +5 trident of Bakhe {venom, rF+}
  5304 | D:6      | Mangled by a gnoll sergeant

Illustrated notes

Levels and vault maps discovered:
D:1:      dpeg_chamrin_arrival_tetris, layout_basic
D:2:      wad_pebble_path, layout_basic, chequers_ecumenical_altar_simple_redux,
          corexii_item_surrounded_by_moat
D:3:      layout_loops_corners, minmay_surrounded
D:4:      layout_basic, minmay_temple_entry_fiery, gammafunk_ghost_cemetery,
          minmay_bisected, uniq_robin
D:5:      layout_basic, nemelex_xobeh_ov_fountains_minmay,
          mainiacjoe_overflow_24_doors, kennysheep_windowed_goal
D:6:      layout_basic, gammafunk_ghost_gnarly_gnolls, due_unseen_surprise,
          uniq_pikel

Skill      XL: |  1  2  3  4  5  6  7 |
---------------+----------------------+-----
Dodging        | 2 3 |  3.9
Shields        | 1 2 |  2.6
Stealth        | 2 3 |  3.0
Fighting       | 1 2 |  2.6
Conjurations   | 5 6 |  6.2
Short Blades   | 1 2 |  2.5
Spellcasting   | 3 4 |  4.8
Staves         | 1 |  1.8
Evocations     | |  0.6

Action                   |  1- 3 |  4- 6 |  7- 9 || total
-------------------------+-------+-------+-------++-------
Melee: Dagger            |       |     9 |       ||     9
       Kick              |       |     3 |     3 ||     6
       Quarterstaff      |       |     1 |    12 ||    13
 Cast: Magic Dart        |    23 |       |       ||    23
       Searing Ray       |    21 |     8 |     8 ||    37
Invok: Oozemancy         |     1 |     2 |     2 ||     5
Evoke: Wand              |       |     3 |     1 ||     4
  Use: Scroll            |     4 |       |     4 ||     8
       Potion            |       |       |     1 ||     1
Armor: Skin              |    19 |    13 |    10 ||    42
Dodge: Dodged            |    55 |    20 |    18 ||    93
Block: Buckler           |     6 |     3 |       ||     9
